Map: Acropolis LE

Players

RexRequired

  • Race: Terran Terran
  • League: Master
  • Spawn Location: 11:00

A.I. 2 (Very Easy) - Winner!

  • Race: Protoss Protoss
  • Spawn Location: 5:00

VOD

Have the link to the VOD?

Description

Time

  • Played on: Sept. 16, 2019, 10:07 p.m.
  • Length: 8:35
Show
View Real Time Build Order
Export as new Build Order

RexRequired Terran 

Build Orders: Reaper Expand 

Get SALT Encoding   

  12  0:00  SCV  
  13  0:12  SCV  
  14  0:17  Supply Depot  
  14  0:24  SCV  
  15  0:38  SCV  
  15  0:40  Barracks  
  16  0:43  Refinery  
  16  0:50  SCV  
  17  1:02  SCV  
  18  1:14  SCV  
  19  1:28  Orbital Command  
  19  1:29  Reaper  
  20  1:42  Command Center  
  20  1:53  Supply Depot  
  20  1:54  SCV  
  21  2:01  Barracks Reactor  
  21  2:02  Refinery  
  21  2:06  SCV  
  22  2:12  Bunker  
  22  2:18  SCV  
  23  2:24  Factory  
  23  2:30  SCV  
  23  2:36  Marine  
  23  2:37  Marine  
  25  2:42  SCV  
  26  2:53  Orbital Command  
  26  2:54  SCV  
  26  2:55  Marine x2  
  29  3:06  SCV  
  29  3:07  Starport  
  29  3:09  Widow Mine  
  32  3:15  Marine x2  
  32  3:18  SCV  
  35  3:20  SCV  
  36  3:29  Supply Depot  
  36  3:32  Widow Mine, SCV  
  36  3:33  SCV  
  36  3:34  Marine  
  40  3:35  Marine  
  42  3:45  Medivac, SCV x2  
  46  3:49  Barracks  
  46  3:55  Marine  
  47  3:56  Marine  
  47  3:57  Factory Tech Lab, SCV x2  
  47  4:01  Supply Depot  
  50  4:08  Supply Depot  
  50  4:09  SCV x2  
  52  4:13  Marine x2  
  54  4:17  Starport Tech Lab  
  54  4:22  SCV x2  
  59  4:27  Refinery  
  59  4:31  Supply Depot, Marine x2  
  59  4:35  SCV x2  
  59  4:36  Raven  
  65  4:41  Barracks  
  62  4:47  SCV x2  
  62  4:50  Marine x2  
  62  4:51  Factory Tech Lab  
  62  4:52  Stimpack  
  66  4:54  Supply Depot  
  66  4:56  Engineering Bay  
  66  4:57  Marine  
  66  4:59  SCV x2  
  69  5:04  Supply Depot  
  69  5:07  Marine  
  69  5:08  Marine  
  69  5:11  SCV x2  
  69  5:12  Siege Tank  
  76  5:15  Marine  
  76  5:16  Refinery  
  76  5:19  Supply Depot  
  77  5:21  Terran Infantry Weapons Level 1  
  79  5:29  Starport Reactor  
  79  5:34  Marine x2  
  81  5:36  Marauder  
  81  5:39  Combat Shield  
  81  5:40  Marauder  
  83  5:44  Siege Tank  
  83  5:47  Supply Depot x2  
  86  5:52  Marine x2  
  90  5:57  Marauder  
  90  5:58  SCV x2  
  90  6:01  Marauder  
  94  6:06  Medivac x2  
  94  6:10  Supply Depot, Marine x2  
  94  6:11  Supply Depot  
  100  6:16  Siege Tank  
  105  6:26  Marauder x2  
  105  6:27  Command Center  
  105  6:28  Marine x2  
  109  6:35  SCV  
  109  6:36  SCV  
  109  6:37  Concussive Shells  
  109  6:38  Supply Depot x2  
  111  6:46  Marine x2  
  113  6:48  Marauder x2, Medivac  
  113  6:49  Medivac  
  113  6:52  SCV x2  
  123  7:04  Marine  
  123  7:07  SCV  
  123  7:08  Barracks x2, SCV  
  126  7:09  Marauder  
  126  7:10  Factory Reactor  
  126  7:12  Marauder  
  130  7:20  Supply Depot x2  
  130  7:21  Marine  
  130  7:22  Marine  
  132  7:26  SCV x2  
  134  7:30  Marauder  
  134  7:31  Supply Depot  
  134  7:35  Marauder  
  138  7:39  Medivac x2  
  138  7:43  SCV x2  
  145  7:45  Orbital Command  
  145  7:49  Marine x2  
  145  7:51  Widow Mine x2  
  150  7:52  Marauder  
  150  7:55  Marauder  
  154  7:59  Marauder  
  154  8:01  Barracks Reactor  
  154  8:04  SCV x2  
  158  8:08  Refinery, Marine x2  
  158  8:10  Refinery  
  158  8:12  SCV  
  161  8:19  Supply Depot  
  165  8:20  Supply Depot  
  169  8:29  Armory  
  169  8:30  Engineering Bay  
Show
View Real Time Build Order
Export as new Build Order

A.I. 2 (Very Easy) Protoss - Winner!

Build Orders: 1 Gate Expand, Nexus First 

Get SALT Encoding   

  12  0:00  Probe  
  13  0:13  Probe  
  14  0:20  Pylon  
  14  0:43  Gateway  
  14  1:01  Nexus  
  14  1:18  Pylon  
  14  1:21  Zealot  
  14  1:23  Assimilator  
  16  1:36  Cybernetics Core  
  16  1:37  Probe  
  17  1:49  Probe  
  18  1:59  Assimilator  
  18  2:00  Probe  
  18  2:07  Stalker  
  18  2:08  Probe  
  22  2:16  Warp Gate, Probe  
  22  2:21  Probe  
  24  2:30  Probe  
  25  2:38  Probe  
  26  2:50  Probe  
  27  2:52  Assimilator  
  27  2:54  Pylon  
  27  2:57  Probe  
  28  3:04  Probe  
  29  3:11  Probe  
  29  3:12  Robotics Facility  
  30  3:17  Probe  
  31  3:25  Zealot  
  31  3:26  Probe  
  34  3:29  Probe  
  35  3:41  Probe  
  36  3:48  Probe  
  37  3:55  Probe  
  38  3:57  Observer  
  38  4:02  Probe  
  40  4:09  Probe  
  41  4:11  Observer  
  41  4:14  Probe  
  41  4:15  Assimilator  
  42  4:23  Probe  
  44  4:27  Probe  
  45  4:34  Pylon  
  45  4:35  Sentry  
  45  4:38  Probe  
  48  4:45  Probe  
  50  4:52  Probe  
  50  6:40  Observer  
  50  7:34  Zealot  
  50  7:36  Observer  
Tags
 
Add a new tag
Caveats
  • Supply blocks, unpowered buildings, or Contaminate may cause inaccurate times.
  • Supply counts are checked every 10 seconds.